 Dungeon Crawl Stone Soup version 0.31-a0-455-g1a7b003ef0 (webtiles) character file.

Game seed: 11099403779151652282

136 ytrimaz the Changeling (level 4, -1/32 HPs)
             Began as a Demonspawn Shapeshifter on Aug 4, 2023.
             Killed from afar by an orc wizard (5 damage)
             ... with a magic dart
             ... on level 4 of the Dungeon.
             The game lasted 00:04:23 (2722 turns).

ytrimaz the Changeling (Demonspawn Shapeshifter)    Turns: 2722, Time: 00:04:23

Health: -1/32      AC:  3    Str: 23    XL:     4   Next: 98%
Magic:  4/4        EV: 12    Int: 10    God:
Gold:   144        SH:  0    Dex: 19    Spells: 3/3 levels left

rFire   . .          .
                       - Unarmed
rCold   . . .        (no shield)
rNeg    . . .        o - +0 leather armour {rPois}
rPois   +            (helmet currently unavailable)
rElec   .            (cloak currently unavailable)
rCorr   .            (gloves currently unavailable)
SInv    .            (boots currently unavailable)
Will    .....        (no amulet)
Stlth   +            f - +6 ring of dexterity
HPRegen 0.25/turn    n - +6 ring of strength
MPRegen 0.09/turn

%: no passive effects
@: beast-form
A: beast (slay +2), horns 2
a: Begin Untransformation


You were on level 4 of the Dungeon.
You were a hulking beast.
You visited 1 branch of the dungeon, and saw 4 of its levels.

You collected 144 gold pieces.


Innate Abilities, Weirdness & Mutations

You are a hulking beast.
Your limbs bulge with bestial killing power. (Slay +2)
You have a pair of horns on your head.


   Skills:
 - Level 1.0 Fighting
 - Level 1.7 Dodging
 + Level 3.7 Unarmed Combat
 * Level 4.0 Shapeshifting


You had 3 spell levels left.
You didn't know any spells.
Your spell library contained the following spells:

 Spells                   Type           Power      Damage    Failure   Level
 Magic Dart               Conj           0%         1d3       41%         1
 Call Imp                 Summ           0%         N/A       54%         2
 Mephitic Cloud           Conj/Pois/Air  0%         N/A       78%         3

Inventory:

Armour
 o - a +0 leather armour of poison resistance (worn)
   (You found it on level 2 of the Dungeon)
 p - a scarf of repulsion
   (You found it on level 2 of the Dungeon)
 q - a +0 pair of gloves
   (You found it on level 2 of the Dungeon)
Jewellery
 f - a +6 ring of dexterity (left hand)
   (You found it on level 1 of the Dungeon)
 i - a ring of flight
   (You found it on level 1 of the Dungeon)
 n - a +6 ring of strength (right hand)
   (You found it on level 1 of the Dungeon)
 u - an amulet of faith
   (You found it on level 4 of the Dungeon)
Talismans
 c - a beast talisman (active)
Wands
 s - a wand of polymorph (8)
   (You found it on level 3 of the Dungeon)
Scrolls
 a - a scroll of revelation {unknown}
 g - a scroll of noise {unknown}
 h - a scroll of vulnerability {unknown}
 j - 4 scrolls of teleportation {unknown}
 k - 5 scrolls of identify {unknown}
 r - a scroll of enchant weapon {unknown}
 t - a scroll of torment {unknown}
Potions
 b - a potion of lignification
 d - a potion of mutation {unknown}
 e - a potion of haste {unknown}
 l - a potion of magic {unknown}
 m - 2 potions of curing {unknown}

Dungeon Overview and Level Annotations

Branches:
Dungeon (4/15) Zot: 21277
 Temple: D:4-7

Altars:
Gozag
Hepliaklqana
Makhleb
Uskayaw

#..# #.......##...##
#... #...#.#........
#... #...#.####.≈.##
#...##...#.# #.≈.##
#...#.◎..#.####.≈.##
# ##.....#...##.≈.#.
#.
#..#...###..#.....
#.###.###.##
##.#....# ##..ooh#
#... #...P.##
#...w###
###..#....P.#
#.#...# .....##.P.#
#...w....
#.#......P.#
...#........
#####.....# ..#
#.......... .....##
. #........##
##..... .....#####
#####.. #######


You could see an orc wizard, a dart slug and an orc.


Message History

You take 2 damage, and now have 30/32 hp.
You punch the adder!
You kill the adder!
Unknown command.
No target in view!
No target in view!
An orc wizard comes into view. It is wielding a +0 dagger. 😕 HP[+1]
You see here a beast talisman.
Unknown command.
The jackal misses you.
You punch the jackal!
You kill the jackal! 😎 HP[+1]
Your hp is fully restored (32).
An orc comes into view. It is wielding a +0 club.
Unknown command.
An endoplasm comes into view.
An orc comes into view. It is wielding a +0 flail.
The orc shouts!
You hear a shout!
You hear a bark!
The endoplasm quivers.
You see here 5 stones.
You hit the orc. You headbutt the orc.
You kill the orc!
A jackal comes into view.
The endoplasm barely misses you. The orc wizard casts a spell at you.
You are confused.
You see here a +0 club.
You are too confused!
You're too confused to move!
The endoplasm hits you but does no damage.
The orc hits you but does no damage. The orc closely misses you.
You bump into the rock wall.
The endoplasm hits you. 😕 HP[-2]
You take 2 damage, and now have 30/32 hp.
You bump into the rock wall.
The orc barely misses you.
The orc wizard hits you but does no damage.
The endoplasm hits you but does no damage.
You hit the endoplasm.
You kill the endoplasm!
The orc hits you with a +0 flail!
The orc wizard closely misses you. 😮 HP[-8]
You take 8 damage, and now have 22/32 hp.
MASSIVE DAMAGE!! (PAUSE)
The orc wizard attacks as you move away!
The orc wizard hits you with a +0 dagger.
The jackal bites you. The jackal closely misses you.
You see here 5 stones. 😮 HP[-4]
You take 4 damage, and now have 18/32 hp.
You feel less confused. 😮 HP[+1] Unknown command.
You hit the jackal but do no damage. The jackal barely misses you.
You hit the jackal but do no damage. You headbutt the jackal.
You kill the jackal!
You are too injured to fight recklessly!
A dart slug comes into view.
The orc hits you with a +0 flail.
* * * LOW HITPOINT WARNING * * *
You see here 5 stones.
Unknown command. 😨 HP[-4]
You take 4 damage, and now have 15/32 hp.
You are too injured to fight recklessly!
You hit the orc wizard but do no damage.
The orc wizard hits you with a +0 dagger.
* * * LOW HITPOINT WARNING * * *
The orc barely misses you. 😨 HP[-1]
You take 1 damage, and now have 14/32 hp.
You are too injured to fight recklessly!
You barely miss the orc wizard. Your headbutt misses the orc wizard.
The orc barely misses you.
The orc wizard hits you but does no damage. 😨 HP[+1]
You barely miss the orc wizard. Your headbutt misses the orc wizard.
The orc closely misses you.
The orc wizard hits you with a +0 dagger.
* * * LOW HITPOINT WARNING * * *
Unknown command. 😨 HP[-3]
You take 3 damage, and now have 12/32 hp.
You hit the orc wizard.
You headbutt the orc wizard, but do no damage.
The orc wizard points at you and mumbles some strange words.
The magic dart hits you!
* * * LOW HITPOINT WARNING * * *
😱 HP[-8]
You take 8 damage, and now have 4/32 hp.
MASSIVE DAMAGE!! (PAUSE)
You completely miss the orc wizard.
The orc wizard hits you with a +0 dagger.
* * * LOW HITPOINT WARNING * * *
You hit the orc wizard. The orc wizard casts a spell at you.
The magic dart hits you.
You die...

Skill      XL: |  1  2  3  4 |
---------------+-------------+-----
Shapeshifting  | 3 4 |  4.0
Unarmed Combat | 3 |  3.7
Fighting       | |  1.0
Dodging        | |  1.7

Action                     |  1- 3 |  4- 6 || total
---------------------------+-------+-------++-------
  Melee: Unarmed           |    78 |    66 ||   144
         Punch             |     1 |       ||     1
         Headbutt          |    12 |    10 ||    22
   Stab: Sleeping          |     1 |     1 ||     2
 Armour: Animal skin       |    12 |       ||    12
         Leather armour    |     5 |    13 ||    18
  Dodge: Dodged            |    50 |    39 ||    89

Levels and vault maps discovered:
D:1:      sevenhm_arrival_forest_fort_small_6, layout_loops_ring,
          amcnicky_mini_pool_small, minmay_crystal_water
D:2:      layout_basic, shapermc_ecumenical_altar_hornbeckon, basic_altar,
          serial_bayou_pond_d, minmay_heptomino_w4, uniq_jessica
D:3:      layout_basic, nicolae_overflow_ecumenical_swirl,
          mainiacjoe_overflow_six_doors_small
D:4:      layout_rooms, mainiacjoe_overflow_boulevard

Notes
Turn   | Place    | Note
-------+----------+-------------------------------------------
     0 | D:1      | ytrimaz the Demonspawn Shapeshifter began the quest for the
                  | Orb.
     0 | D:1      | Reached XP level 1. HP: 15/15 MP: 1/1
     0 | D:1      | magus.rc [v1.9.6]
   160 | D:1      | You pick up a book of Minor Magic and begin reading...
   160 | D:1      | You add the spells Magic Dart, Call Imp and Mephitic Cloud
                  | to your library.
   190 | D:1      | Gained mutation: You have a pair of small horns on your
                  | head. [demonic ancestry]
   190 | D:1      | Reached XP level 2. HP: 21/21 MP: 2/2
   223 | D:1      | Reached skill level 3 in Shapeshifting
   251 | D:1      | Reached skill level 3 in Unarmed Combat
   528 | D:1      | Found a hazy altar of Hepliaklqana.
   893 | D:2      | Gained mutation: You have a pair of horns on your head.
                  | [demonic ancestry]
   893 | D:2      | Reached XP level 3. HP: 26/26 MP: 3/3
   982 | D:2      | Noticed Jessica
   989 | D:2      | Killed Jessica
  1108 | D:2      | Reached XP level 4. HP: 27/32 MP: 4/4
  1152 | D:2      | Found a hazy altar of Hepliaklqana.
  1515 | D:2      | Found a faded altar of an unknown god.
  1927 | D:3      | Found a burning altar of Makhleb.
  2046 | D:3      | Found a faded altar of an unknown god.
  2051 | D:3      | Found a hide-covered altar of Uskayaw.
  2597 | D:4      | Reached skill level 4 in Shapeshifting
  2646 | D:4      | Found an opulent altar of Gozag.
  2720 | D:4      | HP: 4/32 [orc wizard/magic dart (8)]
  2722 | D:4      | Killed from afar by an orc wizard

Vanquished Creatures
  Jessica (D:2)
  3 adders
  2 worms
  A dart slug (D:4)
  4 orcs
  6 ball pythons
  4 bats
  9 endoplasms
  4 giant cockroaches
  5 goblins
  3 hobgoblins
  2 jackals (D:4)
  5 kobolds
  4 quokkas
  4 frilled lizards
  10 rats
67 creatures vanquished.

Table legend:
 A = Non-vault XP
 B = Vault XP
 C = Vault XP percentage of total XP
 D = Non-vault monster count
 E = Vault monster count
 F = Vault count percentage of total count
                 A         B        C        D         E       F
            +---------+---------+-------+---------+---------+-------
      Total |     153 |      42 |  21.5 |      63 |       4 |   6.0
            +---------+---------+-------+---------+---------+-------
        D:1 |      29 |       0 |   0.0 |      18 |       0 |   0.0
        D:2 |      58 |      42 |  42.0 |      20 |       4 |  16.7
        D:3 |      36 |       0 |   0.0 |      17 |       0 |   0.0
        D:4 |      30 |       0 |   0.0 |       8 |       0 |   0.0
            +---------+---------+-------+---------+---------+-------

Skill      XL: |  1  2  3  4 |
---------------+-------------+-----
Shapeshifting  | 3 4 |  4.0
Unarmed Combat | 3 |  3.7
Fighting       | |  1.0
Dodging        | |  1.7

Action                     |  1- 3 |  4- 6 || total
---------------------------+-------+-------++-------
  Melee: Unarmed           |    78 |    66 ||   144
         Punch             |     1 |       ||     1
         Headbutt          |    12 |    10 ||    22
   Stab: Sleeping          |     1 |     1 ||     2
 Armour: Animal skin       |    12 |       ||    12
         Leather armour    |     5 |    13 ||    18
  Dodge: Dodged            |    50 |    39 ||    89

Illustrated notes

Table legend:
 A = Kills in this place as a percentage of kills in the entire game.
 B = Kills by you in this place as a percentage of kills by you in the entire game.
 C = Kills by friends in this place as a percentage of kills by friends in the entire game.
 D = Other kills in this place as a percentage of other kills in the entire game.
 E = Experience gained in this place as a percentage of experience gained in the entire game.
 F = Experience gained in this place divided by the number of levels of this place that you have seen.
                   A       B       C       D       E      F
               +-------+-------+-------+-------+-------+----------------------
         Total | 100.0 | 100.0 |   N/A |   N/A | 100.0 |  48.8
       Dungeon | 100.0 | 100.0 |   N/A |   N/A | 100.0 |  48.8
               +-------+-------+-------+-------+-------+----------------------

Table legend: (Time is in decaauts)
 A = Elapsed time spent in this place.
 B = Non-inter-level travel time spent in this place.
 C = Inter-level travel time spent in this place.
 D = Time resting spent in this place.
 E = Time spent auto-exploring this place.
 F = Levels seen in this place.
 G = Mean time per level.
                   A        B        C        D        E       F      G
               +--------+--------+--------+--------+--------+-----+--------+
         Total |   2721 |   2632 |     89 |      0 |   2153 |   4 |  680.2 |
       Dungeon |   2721 |   2632 |     89 |      0 |   2153 |   4 |  680.2 |
               +--------+--------+--------+--------+--------+-----+--------+

Top non-repeatable levels by time:
     D:3: 1044 daAuts
     D:2: 819 daAuts
     D:1: 727 daAuts
     D:4: 130 daAuts
